General information
- name: BNet
- type: Ladder team game (AT/RT)
- host: Battle.net
- saver: GREG_SESTERO
map: GolemsInTheMist
- players: 8
- length: 19:32
- speed: Fast
- version: 1.26 W3XP
- replay type: Public
» download(130 KB)
Players
team 1 (loser)
Petrucci.Lowery (
blue | 20 APM | 359 actions | 17:58)
3 Tauren Chieftain
2 Endurance Aura
1 Shockwave
» actions
| Basic commands | 13 | |
| Build / train | 18 | |
| Enter build submenu | 8 | |
| Enter hero's abilities submenu | 3 | |
| Right click | 185 | |
| Select / deselect | 118 | |
| Use ability | 14 | |
359 total
» units
» upgrades
» buildings
| Barracks | 2 | |
| Orc Burrow | 4 | |
| Altar of Storms | 1 | |
| Stronghold | 1 | |
| War Mill | 1 | |
9 total
» build order
00:22 Barracks
00:39 Barracks
00:54 Orc Burrow
02:07 Altar of Storms
02:16 Orc Burrow
02:45 Orc Burrow
04:16 Orc Burrow
07:12 Stronghold
09:12 War Mill

»
GREG_SESTERO (
yellow | 71 APM | 1381 actions | 19:32)
3 Mountain King
2 Storm Bolt
1 Bash
2 Blood Mage
1 Banish
1 Siphon Mana
» actions
| Assign group hotkey | 61 | |
| Basic commands | 59 | |
| Build / train | 81 | |
| ESC pressed | 4 | |
| Enter build submenu | 61 | |
| Enter hero's abilities submenu | 5 | |
| Give item / drop item | 1 | |
| Right click | 455 | |
| Select / deselect | 335 | |
| Select group hotkey | 224 | |
| Use ability | 94 | |
1381 total
» units
| Peasant | 6 | |
| Footman | 7 | |
| Goblin Shredder | 3 | |
| Gryphon Rider | 7 | |
23 total
» upgrades
| Masonry | 3 | |
| Storm Hammers | 1 | |
| Animal War Training | 1 | |
| Swords | 3 | |
| Armor | 1 | |
9 total
» buildings
| Altar of Kings | 1 | |
| Barracks | 1 | |
| Farm | 14 | |
| Scout Tower | 35 | |
| Arcane Tower | 2 | |
| Keep | 3 | |
| Lumber Mill | 1 | |
| Arcane Vault | 1 | |
| Castle | 1 | |
| Gryphon Aviary | 2 | |
| Blacksmith | 2 | |
| Guard Tower | 32 | |
95 total
» build order
00:17 Altar of Kings
00:22 Barracks
00:25 Farm
00:28 Scout Tower
01:39 Arcane Tower
01:39 Arcane Tower
01:56 Farm
02:22 Farm
03:15 Keep
03:15 Keep
03:15 Keep
04:14 Lumber Mill
04:32 Arcane Vault
05:39 Castle
06:36 Gryphon Aviary
06:41 Gryphon Aviary
07:28 Blacksmith
07:33 Blacksmith
09:14 Scout Tower
09:18 Scout Tower
09:21 Scout Tower
09:25 Scout Tower
09:35 Scout Tower
09:57 Guard Tower
09:57 Guard Tower
10:11 Guard Tower
10:11 Guard Tower
10:31 Guard Tower
10:34 Scout Tower
11:01 Scout Tower
11:25 Guard Tower
11:25 Guard Tower
11:27 Scout Tower
11:29 Guard Tower
11:29 Guard Tower
11:39 Farm
11:40 Farm
12:00 Guard Tower
12:01 Scout Tower
12:05 Scout Tower
12:07 Scout Tower
12:36 Guard Tower
12:36 Guard Tower
12:38 Scout Tower
12:40 Scout Tower
12:41 Scout Tower
12:45 Farm
12:45 Farm
12:47 Farm
12:48 Farm
12:51 Scout Tower
13:08 Guard Tower
13:08 Guard Tower
13:14 Guard Tower
13:15 Guard Tower
13:17 Scout Tower
13:19 Scout Tower
13:21 Scout Tower
14:35 Guard Tower
14:35 Guard Tower
14:56 Scout Tower
14:59 Scout Tower
15:01 Scout Tower
15:04 Guard Tower
15:06 Scout Tower
15:57 Scout Tower
15:59 Guard Tower
15:59 Guard Tower
16:01 Scout Tower
16:01 Scout Tower
16:05 Scout Tower
16:07 Scout Tower
16:17 Farm
16:18 Farm
16:34 Guard Tower
16:34 Guard Tower
16:53 Farm
17:23 Scout Tower
17:24 Scout Tower
17:26 Scout Tower
17:28 Scout Tower
17:29 Guard Tower
17:30 Guard Tower
17:31 Scout Tower
17:51 Farm
17:51 Farm
17:54 Guard Tower
17:54 Guard Tower
18:02 Guard Tower
18:02 Guard Tower
18:23 Scout Tower
18:24 Scout Tower
» items
| Potion of Healing | 3 | |
| Orb of Fire | 1 | |
4 total
ultrabeatman101 (
orange | 27 APM | 260 actions | 09:31)
2 Mountain King
1 Storm Bolt
1 Bash
» actions
| Assign group hotkey | 4 | |
| Build / train | 21 | |
| Enter build submenu | 11 | |
| Enter hero's abilities submenu | 2 | |
| Right click | 137 | |
| Select / deselect | 64 | |
| Select group hotkey | 6 | |
| Use ability | 15 | |
260 total
» units
» upgrades
» buildings
| Barracks | 2 | |
| Altar of Kings | 1 | |
| Farm | 5 | |
| Keep | 1 | |
| Lumber Mill | 1 | |
| Castle | 1 | |
11 total
» build order
00:05 Barracks
00:07 Altar of Kings
00:28 Farm
01:09 Farm
01:59 Farm
02:40 Farm
03:02 Keep
03:25 Lumber Mill
03:35 Farm
05:24 Castle
06:55 Barracks

»
arnogor (
teal | 16 APM | 313 actions | 19:06)
2 Keeper of the Grove
1 Force of Nature
1 Thorns Aura
1 Priestess of the Moon
1 Searing Arrows
» actions
| Build / train | 52 | |
| Enter build submenu | 12 | |
| Enter hero's abilities submenu | 3 | |
| Remove unit from queue | 3 | |
| Right click | 130 | |
| Select / deselect | 93 | |
| Use ability | 20 | |
313 total
» units
| Wisp | 15 | |
| Archer | 7 | |
| Hippogryph | 5 | |
| Huntress | 7 | |
| Chimaera | 4 | |
38 total
» upgrades
| Reinforced Hides | 1 | |
| Strength of the Wild | 1 | |
| Upgrade Moon Glaive | 1 | |
| Marksmanship | 0 | |
| Long Rifles | 1 | |
4 total
» buildings
| Altar of Elders | 1 | |
| Moon Well | 5 | |
| Tree of Ages | 1 | |
| Ancient of War | 1 | |
| Ancient of Wind | 1 | |
| Tree of Life | 1 | |
| Tree of Eternity | 1 | |
| Hunter's Hall | 1 | |
| Chimaera Roost | 1 | |
| Blacksmith | 1 | |
14 total
» build order
00:27 Altar of Elders
00:40 Moon Well
01:36 Moon Well
02:28 Tree of Ages
02:37 Ancient of War
04:04 Moon Well
04:49 Moon Well
05:51 Ancient of Wind
05:56 Moon Well
06:25 Tree of Life
06:40 Tree of Eternity
06:57 Hunter's Hall
09:22 Chimaera Roost
10:30 Blacksmith
team 2 (winner)
ChicagosFinest (
green | 29 APM | 566 actions | 19:32)
6 Paladin
2 Holy Light
3 Devotion Aura
1 Resurrection
3 Mountain King
2 Storm Bolt
1 Bash
» actions
| Assign group hotkey | 62 | |
| Basic commands | 9 | |
| Build / train | 51 | |
| Enter build submenu | 19 | |
| Enter hero's abilities submenu | 10 | |
| Remove unit from queue | 1 | |
| Right click | 222 | |
| Select / deselect | 98 | |
| Select group hotkey | 58 | |
| Use ability | 36 | |
566 total
» units
| Peasant | 9 | |
| Footman | 9 | |
| Goblin Shredder | 2 | |
| Knight | 2 | |
| Flying Machine | 12 | |
34 total
» upgrades
| Animal War Training | 1 | |
| Flak Cannons | 1 | |
| Gunpowder | 1 | |
3 total
» buildings
| Farm | 13 | |
| Altar of Kings | 1 | |
| Barracks | 2 | |
| Keep | 1 | |
| Castle | 1 | |
| Blacksmith | 1 | |
| Lumber Mill | 1 | |
| Workshop | 3 | |
| Arcane Vault | 1 | |
24 total
» build order
00:49 Farm
00:55 Farm
01:04 Altar of Kings
01:22 Barracks
01:32 Farm
01:39 Barracks
01:58 Farm
02:59 Keep
03:21 Farm
05:34 Castle
06:36 Farm
06:38 Farm
06:46 Blacksmith
06:57 Lumber Mill
09:18 Workshop
09:19 Workshop
09:22 Workshop
10:07 Arcane Vault
10:53 Farm
10:55 Farm
10:58 Farm
10:59 Farm
11:00 Farm
11:02 Farm

»
Rita_Repulsa (
purple | 119 APM | 2328 actions | 19:32)
5 Death Knight
3 Death Coil
2 Unholy Aura
» actions
| Assign group hotkey | 95 | |
| Basic commands | 200 | |
| Build / train | 74 | |
| ESC pressed | 8 | |
| Enter build submenu | 37 | |
| Enter hero's abilities submenu | 7 | |
| Give item / drop item | 1 | |
| Right click | 922 | |
| Select / deselect | 423 | |
| Select group hotkey | 482 | |
| Use ability | 79 | |
2328 total
» units
| Acolyte | 13 | |
| Ghoul | 20 | |
| Crypt Fiend | 7 | |
| Frost Wyrm | 4 | |
44 total
» upgrades
| Creature Attack | 2 | |
| Creature Carapace | 2 | |
| Web | 1 | |
| Ghoul Frenzy | 1 | |
6 total
» buildings
| Crypt | 2 | |
| Ziggurat | 12 | |
| Altar of Darkness | 1 | |
| Graveyard | 2 | |
| Tomb of Relics | 1 | |
| Necropolis | 2 | |
| Halls of the Dead | 1 | |
| Spirit Tower | 5 | |
| Nerubian Tower | 2 | |
| Sacrificial Pit | 1 | |
| Black Citadel | 1 | |
| Boneyard | 4 | |
34 total
» build order
00:36 Crypt
00:39 Ziggurat
00:54 Altar of Darkness
01:20 Graveyard
01:26 Tomb of Relics
01:45 Ziggurat
03:56 Ziggurat
05:03 Necropolis
05:09 Necropolis
07:05 Halls of the Dead
07:35 Nerubian Tower
09:51 Sacrificial Pit
09:54 Ziggurat
09:58 Ziggurat
10:10 Ziggurat
10:12 Graveyard
10:21 Ziggurat
10:44 Ziggurat
10:47 Ziggurat
11:58 Black Citadel
13:55 Crypt
13:56 Ziggurat
13:57 Ziggurat
13:58 Ziggurat
14:31 Boneyard
14:32 Boneyard
14:33 Boneyard
14:34 Boneyard
14:50 Spirit Tower
15:02 Spirit Tower
15:02 Nerubian Tower
15:34 Spirit Tower
» items
| Rod of Necromancy | 2 | |
| Sacrificial Skull | 1 | |
| Orb of Corruption | 1 | |
| Scroll of Town Portal | 1 | |
| Scroll of Healing | 3 | |
8 total
Wargodddddddddd (
pink | 92 APM | 1802 actions | 19:32)
4 Blood Mage
2 Flame Strike
2 Siphon Mana
3 Mountain King
1 Storm Bolt
2 Thunder Clap
1 Paladin
1 Holy Light
» actions
| Assign group hotkey | 32 | |
| Basic commands | 7 | |
| Build / train | 80 | |
| Enter build submenu | 28 | |
| Enter hero's abilities submenu | 8 | |
| Give item / drop item | 2 | |
| Remove unit from queue | 1 | |
| Right click | 808 | |
| Select / deselect | 249 | |
| Select group hotkey | 535 | |
| Use ability | 52 | |
1802 total
» units
| Peasant | 17 | |
| Footman | 7 | |
| Knight | 3 | |
| Mortar Team | 2 | |
| Siege Engine | 9 | |
38 total
» upgrades
| Masonry | 3 | |
| Lumber Harvesting | 2 | |
| Defend | 1 | |
| Barrage | 1 | |
| Gunpowder | 3 | |
| Swords | 2 | |
| Armor | 1 | |
13 total
» buildings
| Altar of Kings | 1 | |
| Farm | 12 | |
| Barracks | 1 | |
| Lumber Mill | 1 | |
| Arcane Vault | 2 | |
| Scout Tower | 5 | |
| Guard Tower | 5 | |
| Keep | 1 | |
| Town Hall | 2 | |
| Blacksmith | 1 | |
| Castle | 1 | |
| Workshop | 2 | |
34 total
» build order
00:10 Altar of Kings
00:13 Farm
00:23 Barracks
01:02 Farm
01:38 Lumber Mill
01:45 Farm
01:57 Arcane Vault
02:26 Farm
03:44 Scout Tower
04:16 Guard Tower
04:20 Scout Tower
04:25 Scout Tower
04:54 Guard Tower
05:10 Keep
05:31 Scout Tower
05:37 Guard Tower
05:43 Town Hall
05:57 Blacksmith
06:02 Guard Tower
06:08 Scout Tower
06:41 Guard Tower
06:49 Arcane Vault
07:31 Farm
08:56 Castle
10:03 Farm
10:10 Workshop
11:20 Farm
11:27 Workshop
12:36 Farm
12:53 Farm
13:26 Farm
14:03 Farm
14:19 Farm
16:02 Town Hall
» items
| Scroll of Regeneration | 4 | |
| Potion of Healing | 2 | |
| Potion of Mana | 2 | |
| Scroll of Town Portal | 2 | |
10 total
Plastrd_Peasant (
red | 33 APM | 649 actions | 19:32)
4 Warden
2 Fan of Knives
2 Shadow Strike
» actions
| Build / train | 64 | |
| Enter build submenu | 22 | |
| Enter hero's abilities submenu | 4 | |
| Remove unit from queue | 2 | |
| Right click | 230 | |
| Select / deselect | 258 | |
| Use ability | 69 | |
649 total
» units
| Wisp | 21 | |
| Archer | 4 | |
| Dryad | 5 | |
| Druid of the Claw | 6 | |
| Huntress | 3 | |
| Hippogryph | 4 | |
43 total
» upgrades
| Strength of the Moon | 1 | |
| Abolish Magic | 1 | |
| Strength of the Wild | 1 | |
| Druid of the Claw Training | 2 | |
| Reinforced Hides | 3 | |
| Upgrade Moon Glaive | 1 | |
| Mark of the Claw | 1 | |
| Sentinel | 1 | |
11 total
» buildings
| Altar of Elders | 1 | |
| Moon Well | 8 | |
| Ancient of War | 1 | |
| Tree of Ages | 1 | |
| Hunter's Hall | 1 | |
| Ancient of Wonders | 1 | |
| Ancient of Lore | 2 | |
| Tree of Eternity | 1 | |
| Tree of Life | 1 | |
| Ancient Protector | 1 | |
| Ancient of Wind | 1 | |
19 total
» build order
00:08 Altar of Elders
00:11 Moon Well
00:29 Ancient of War
02:15 Tree of Ages
02:35 Moon Well
02:51 Hunter's Hall
03:17 Ancient of Wonders
04:43 Ancient of Lore
04:47 Ancient of Lore
06:16 Tree of Eternity
06:44 Moon Well
06:48 Moon Well
09:36 Tree of Life
10:31 Ancient Protector
10:42 Moon Well
11:55 Moon Well
14:15 Moon Well
15:00 Ancient of Wind
15:33 Moon Well
» items
Chat log
(00:02 / All) GREG_SESTERO: WARNING
(00:04 / All) GREG_SESTERO: RITA HAS ESCAPED
(00:11 / All) GREG_SESTERO: FORM A FOUR VS FOUR RANDOM TEAM WITH ATTITUDE
(00:16 / All) Rita_Repulsa: ZORDON YOU ARE A BIRD BRAIN
(00:18 / All) Rita_Repulsa: IT'S TIME TO CONQUER EARTH
(00:19 / All) Petrucci.Lowery: ROFLZ
(00:27 / All) Petrucci.Lowery: AH!
(00:28 / All) Rita_Repulsa: GO, PUTTY PATROL
(00:28 / All) Rita_Repulsa: GO
(00:33 / All) Petrucci.Lowery: AFTEN 10 THOUSAND YEARS I'M FREE
(00:37 / All) Petrucci.Lowery: ITS TIME TO CONQUER EARTH!
(00:48 / All) Rita_Repulsa: DORIAN12: AHHHHH! AFTER TEN-THOUSAND GAMES I'M RANK D!
(00:59 / All) GREG_SESTERO: Haven't watched that show in a huge number of years so I'm not going to be good at coming up with any good jokes
(01:07 / All) Rita_Repulsa: AI YAI YAI YAI YAI
(01:10 / All) Petrucci.Lowery: ROFL
(01:12 / All) Rita_Repulsa: THE POWER RANGERS ARE IN TROUBLE
(01:26 / All) Petrucci.Lowery: BULK AND SKULL
(01:33 / All) GREG_SESTERO: WE BE NOT POWER RANGERS
(01:35 / All) Petrucci.Lowery: EERNIE THE JUICE GUY
(01:35 / All) GREG_SESTERO: WE BE TOWERS
(01:38 / All) Rita_Repulsa: I IDOLIZED THEM
(01:42 / All) Rita_Repulsa: AND BECAME KING OF PROM
(01:56 / All) Petrucci.Lowery: GOOGLE "PURDUE RED RANGER"
(01:57 / All) Rita_Repulsa: power rangers best show of the last thirty years
(01:58 / All) Rita_Repulsa: imo
(02:00 / All) Petrucci.Lowery: SOME DUDE WHO GOES TO MY COLLEGE
(02:07 / All) Rita_Repulsa: lol ok
(02:18 / All) Rita_Repulsa: I'm terrified to see.
(02:26 / All) Petrucci.Lowery: AND THAT FUCKING EDDIE VAN HALEN GUITAR SOLO INTRODUCTION
(02:33 / All) GREG_SESTERO: shame the yellow ranger had to go get in a car accident and shti
(02:35 / All) Petrucci.Lowery: GO GO POWER RANGERS!
(02:36 / All) GREG_SESTERO: : (
(02:40 / All) GREG_SESTERO: oh fuck i'm yellow
(02:44 / All) GREG_SESTERO: well i guess i'm screwed
(02:49 / Allies) Petrucci.Lowery: GUYS
(02:50 / Allies) Petrucci.Lowery: WE ARE RUSHING
(02:51 / Allies) Petrucci.Lowery: LOL
(03:00 / All) Rita_Repulsa: I'm waiting for someone to bitch me out for chatting through the whole game.
(03:03 / All) Rita_Repulsa: It's gonna be hilarious.
(03:07 / All) Petrucci.Lowery: PURPLE
(03:11 / All) Petrucci.Lowery: QUIT CHATTING THRU THE WHOLE GAME AND PLAY
(03:15 / All) Petrucci.Lowery: GOD DAMNIT I ALWAYS HAVE A FAGGIT ON MY TEAM
(03:20 / All) Rita_Repulsa: rofl
(03:22 / All) Rita_Repulsa: are oyu referring to teal
(03:32 / All) Petrucci.Lowery: LOL
(03:33 / All) GREG_SESTERO: LOL
(03:36 / All) Petrucci.Lowery: DO U REMEMBER
(03:39 / All) Petrucci.Lowery: THE POWER RANGERS MOVIE?
(03:42 / Allies) Petrucci.Lowery: WITH IVAN OOOOOOZE?
(03:46 / All) Petrucci.Lowery: WITH IVAN OOZE?
(03:47 / All) Rita_Repulsa: best movie since the godfather
(03:47 / All) Rita_Repulsa: imo
(03:52 / Allies) GREG_SESTERO: i remember probably watching it but i don't remember a thing about it
(04:08 / All) Rita_Repulsa: should have won best picture impo
(04:10 / All) Rita_Repulsa: got cheated
(04:24 / All) Petrucci.Lowery: SHOULDH AVE WON BEST ACTRESS
(04:31 / All) Rita_Repulsa: for who
(04:33 / All) Rita_Repulsa: ivan ooze?
(04:36 / All) Petrucci.Lowery: THE FIRST TIME I EVER GOT A BONER WAS WATCHING THE PINK RANGER
(04:38 / All) GREG_SESTERO: for bulk and skulll
(04:39 / All) Rita_Repulsa: lol
(04:51 / Allies) Petrucci.Lowery: you guys rdy to hit?
(04:55 / All) Rita_Repulsa: good stuff
(04:57 / Allies) GREG_SESTERO: i'd hit it like this
(05:00 / Allies) ultrabeatman101: ya
(05:11 / Allies) GREG_SESTERO: 3==========D -- - --
(05:22 / Allies) GREG_SESTERO: that was inappropriate
(05:23 / Allies) GREG_SESTERO: sory
(05:42 / All) Petrucci.Lowery: EVERYONE KNOW MIGHTY MORPHIN POWER RANGERS WERE THE BEST
(05:47 / All) Petrucci.Lowery: FUCK THE NINJAS, FUCK TURBO SPEED
(05:56 / All) GREG_SESTERO: FUICLOMG IMBA
(06:04 / All) GREG_SESTERO: LOL
(06:04 / Allies) Petrucci.Lowery: MEET
(06:05 / Allies) Petrucci.Lowery: CMON TEAL
(06:22 / All) Rita_Repulsa: ALRIGHT
(06:24 / All) Rita_Repulsa: SHIT IS REAL NOW
(06:31 / All) GREG_SESTERO: STOLE UR SHREDDER
(06:33 / All) Rita_Repulsa: GOTTA PLAY TO WIN
(06:34 / All) Petrucci.Lowery: DUDE I HAVEN'T BEEN PLAYING FOR SERIOUS ALL GAME
(06:37 / All) Petrucci.Lowery: MY TEAM AINT THAT GOOD
(06:43 / All) GREG_SESTERO: well i'm drunk
(06:45 / All) GREG_SESTERO: so theree
(06:51 / All) Petrucci.Lowery: THEY ALL THINK 'RUSH' MEANS 'TECH TO TIER 2 WITH NO BARRACKS'
(07:04 / All) Petrucci.Lowery: SO HERE I AM W/ ALL THESE GRUNTS
(07:08 / All) Petrucci.Lowery: AND THEY ARE ALL JACKING OFF
(07:13 / Allies) GREG_SESTERO: u guys attacking or what
(07:14 / Allies) GREG_SESTERO: fuck
(07:15 / Allies) GREG_SESTERO: ffs
(07:17 / All) Rita_Repulsa: <3
(07:19 / All) GREG_SESTERO: lool
(07:21 / Allies) Petrucci.Lowery: GOGOGOGOGOOGO
(08:07 / All) GREG_SESTERO: waht the hell
(08:13 / All) GREG_SESTERO: why does you r team seem so compteent
(08:21 / Allies) Petrucci.Lowery: YELLOW
(08:22 / Allies) Petrucci.Lowery: ORANGE
(08:24 / All) Rita_Repulsa: i trained them
(08:24 / Allies) Petrucci.Lowery: ATTACK PURPLE'S BASE
(08:25 / Allies) Petrucci.Lowery: U NOBS
(08:31 / Allies) GREG_SESTERO: sory
(08:34 / Allies) GREG_SESTERO: was chasing warden
(08:37 / All) GREG_SESTERO: well thats imba
(08:44 / All) Petrucci.Lowery: MY TEAM SO BAD
(08:45 / All) GREG_SESTERO: whata re you a pokemon character now
(08:47 / All) GREG_SESTERO: Training people and shti
(08:50 / All) Petrucci.Lowery: "OH WE HITTING PURPLE?"
(09:01 / All) Petrucci.Lowery: "I'LL JUST PLAY RING AROUNDT HE ROSIE INTO PINK'S BASE! LAH LAH DAHH"
(09:07 / All) GREG_SESTERO: yeah i really wasn't paying attention ther ell
(09:08 / Allies) arnogor: back
(09:34 / All) Petrucci.Lowery: ROFL
(09:38 / All) GREG_SESTERO: what a bad kid
(09:39 / All) Rita_Repulsa: Orange sucked, gonna be blunt.
(09:39 / All) GREG_SESTERO: ffs
(09:45 / All) GREG_SESTERO: yeh he was bad
(09:49 / All) Petrucci.Lowery: DUDE I QUIT PLAYING A WHILE AGO
(09:52 / All) Petrucci.Lowery: I DIDN'T EVEN MICRO MY GRUNTS
(10:04 / All) Petrucci.Lowery: GG
(10:07 / All) Rita_Repulsa: ggs
(10:11 / All) Petrucci.Lowery: I'LL LET U WIN BCUZ U NOSTALGIA'D ME
(10:14 / All) GREG_SESTERO: SNAAAAAAAAAAAAAAAAAKE
(10:14 / All) Rita_Repulsa: lol
(10:17 / All) GREG_SESTERO: IT'S NOT OVER YET
(10:25 / All) Petrucci.Lowery: IM GONNA ATTACK TEAL'S MAIN
(10:34 / All) Petrucci.Lowery: "HEY IM TEAL"
(10:39 / All) Rita_Repulsa: rofl
(10:41 / All) Petrucci.Lowery: "U WANNA RUSH? OH, OKAY."
(10:50 / All) Petrucci.Lowery: DID U SEE WHAT TEAL SENT?
(10:52 / All) Petrucci.Lowery: 4 ARCHERS
(10:55 / All) Petrucci.Lowery: 4 FUCKING ARCHERS!!!!
(11:04 / All) Rita_Repulsa: h,,,
(11:05 / All) Petrucci.Lowery: I HAD 11 GRUNTS
(11:08 / All) Petrucci.Lowery: HE COMES W/ 4 ARCHERS
(11:09 / All) GREG_SESTERO: Oj
(11:12 / All) GREG_SESTERO: has thousands of gold
(11:13 / All) GREG_SESTERO: holy shit
(11:14 / All) Petrucci.Lowery: OHHHHH WHAT A HIGH ROLLER
(11:16 / Allies) GREG_SESTERO: blue
(11:18 / Allies) GREG_SESTERO: can you pass me gold and wood please
(11:21 / All) Rita_Repulsa: lol
(11:30 / All) Rita_Repulsa: sorry, guys.
(11:30 / Allies) GREG_SESTERO: ty
(12:01 / All) Petrucci.Lowery: TEAL HAS AN EXPO TOO BTW
(12:04 / All) Petrucci.Lowery: IN THE PATCH BELOW MY BASE
(12:05 / All) Rita_Repulsa: I'm aware.
(12:12 / All) GREG_SESTERO: maphacking NOOB
(12:13 / All) GREG_SESTERO: lol
(12:13 / All) Rita_Repulsa: I knew that from the second he went KotG first.
(12:20 / All) GREG_SESTERO: or that
(12:31 / All) Petrucci.Lowery: U SHOULD BACKSTAB
(12:33 / All) Petrucci.Lowery: FOR THE LULZ
(12:42 / All) Petrucci.Lowery: UNLESS UR TEAMMATES WERE GOOD
(12:47 / All) Rita_Repulsa: Eh, I have a conscience.
(12:48 / All) Petrucci.Lowery: I DIDNT SEE A PROBLEM ON UR SIDE
(12:51 / All) Rita_Repulsa: My teammates didn't dick me around or nothinfg.
(12:56 / Allies) arnogor: blue is small pimpis
(13:00 / All) Petrucci.Lowery: TEAL
(13:01 / All) Petrucci.Lowery: LOL
(13:02 / All) Petrucci.Lowery: HE'S MAD
(13:09 / All) Rita_Repulsa: I would be too if I played like that.
(13:27 / All) Petrucci.Lowery: FAST EXPO'D, TECHED TO TIER 2 FAST
(13:31 / All) Petrucci.Lowery: JUST SO HE COULD TECH TO CHIMS
(13:38 / All) Petrucci.Lowery: AND HE DIDN'T PUMP OUT A SINGLE FUCKING CHIM THE ENTIRE GAME
(13:39 / All) Rita_Repulsa: Expand, then tech.
(13:43 / All) Rita_Repulsa: That's a winning strategy.
(13:44 / All) Rita_Repulsa: :P
(13:57 / All) Petrucci.Lowery: PUPRLE WHERE ARE U
(14:00 / All) Petrucci.Lowery: I WANNA GIVE U FREE XP
(14:05 / All) Rita_Repulsa: ok
(14:31 / All) Petrucci.Lowery: D'AWH
(15:08 / All) Petrucci.Lowery: YELLO STILL THINKS IT'S COOL TO MASS TOWERS WHEN U LOSE
(15:15 / All) GREG_SESTERO: it is
(15:16 / All) Rita_Repulsa: I don't see what's wrong with that.
(15:17 / All) Rita_Repulsa: Play to win.
(15:25 / Allies) arnogor: Petrucci - pidar
(15:29 / All) GREG_SESTERO: sorry blue
(15:31 / All) GREG_SESTERO: but i can't let you do that
(15:34 / All) Petrucci.Lowery: :(
(15:36 / All) Petrucci.Lowery: UNDERSTANDABLE
(15:37 / All) Rita_Repulsa: lol
(15:44 / All) GREG_SESTERO: I'm afraid you'll have to die
(15:49 / All) Rita_Repulsa: ruh roh
(15:51 / Allies) arnogor: pedrucci - Gomik
(15:56 / Allies) Petrucci.Lowery: GOMIK?
(15:58 / Allies) Petrucci.Lowery: WHAT IS GOMIK?
(15:59 / All) Rita_Repulsa: GIVE ME LUMBER OR YELLOW DIES
(15:59 / All) Rita_Repulsa: FFS
(16:01 / Allies) arnogor: yes
(16:23 / Allies) GREG_SESTERO: can you pass whatever money you have left
(16:24 / Allies) GREG_SESTERO: teal and blue
(16:27 / Allies) GREG_SESTERO: please
(16:40 / All) Rita_Repulsa: know what i hate about naruto
(16:46 / All) GREG_SESTERO: everything?
(16:53 / All) Rita_Repulsa: naruto would probably beat the power rangers in a fight
(17:06 / All) Rita_Repulsa: sux but true
(17:11 / All) GREG_SESTERO: no way
(17:18 / All) GREG_SESTERO: power rangers have that big robot thing with a swod
(17:20 / Allies) GREG_SESTERO: ty
(17:31 / All) Rita_Repulsa: naruto has sexy jutsu
(17:33 / All) Rita_Repulsa: your argument is invalid
(17:38 / All) GREG_SESTERO: fuck that
(17:43 / All) GREG_SESTERO: Try it
(17:44 / All) GREG_SESTERO: I dare you
(17:45 / All) Petrucci.Lowery: GG PURPLE
(17:49 / All) Petrucci.Lowery: GG YELLOW
(17:50 / All) Petrucci.Lowery: FUCK OFF TEAL
(17:53 / All) Rita_Repulsa: lol
(17:57 / All) Rita_Repulsa: STICKS AND STONES MAY BREAK MY BONES
(18:01 / All) Rita_Repulsa: BUT FIENDS AND WYRMS EXCITE ME
(18:18 / All) GREG_SESTERO: damn
(18:20 / All) GREG_SESTERO: well gg
(18:24 / All) Rita_Repulsa: GG BRUH
(18:26 / All) Rita_Repulsa: going to sleep
(18:28 / All) Rita_Repulsa: or
(18:29 / All) Rita_Repulsa: err
(18:30 / All) Rita_Repulsa: back to shitlist
(18:37 / All) GREG_SESTERO: k
(18:46 / All) Rita_Repulsa: die b1tch
(18:50 / All) GREG_SESTERO: If oj wasn't so bad
(18:53 / All) GREG_SESTERO: we probably still would have lost
(18:53 / All) GREG_SESTERO: Lol
(18:56 / All) Rita_Repulsa: rofl
(19:00 / All) Rita_Repulsa: he was awful
(19:10 / All) Rita_Repulsa: one sec
(19:19 / All) Rita_Repulsa: wtf red
(19:21 / All) Rita_Repulsa: who killed your hero
(19:28 / All) GREG_SESTERO: K gg